 Dungeon Crawl Stone Soup version 0.25-a0-294-gea9b1ad378 (webtiles) character file.

Game seed: 17671030158689614973, levelgen mode: deterministic

79 Lanoc the Ducker (level 4, -5/34 HPs)
             Began as a Spriggan Berserker on Dec 19, 2019.
             Was a Believer of Trog.
             Slain by an ice beast (10 damage)
             ... on level 4 of the Dungeon.
             The game lasted 00:03:52 (2273 turns).

Lanoc the Ducker (Spriggan Berserker)               Turns: 2273, Time: 00:03:52

Health: -5/34      AC:  2    Str: 18    XL:     4   Next: 17%
Magic:  5/5        EV: 20    Int:  8    God:    Trog [**....]
Gold:   120        SH:  0    Dex: 16    Spells: 3/3 levels left

rFire    . . .     SeeInvis +   a - +0 dagger (venom)
rCold    . . .     Gourm    .   (shield restricted)
rNeg     . . .     Faith    .   p - +0 animal skin
rPois    .         Spirit   .   (helmet restricted)
rElec    .         Reflect  .   (no cloak)
rCorr    .         Harm     .   (gloves unavailable)
MR       .....                  (boots unavailable)
Stlth    ..........             (no amulet)
HPRegen  0.11/turn              (no ring)
MPRegen  0.09/turn              (no ring)

@: berserking, very quick
A: very small, unfitting armour, see invisible, herbivore, speed 3, slow
metabolism 2
a: Berserk, Trog's Hand, Renounce Religion


You were on level 4 of the Dungeon.
You worshipped Trog.
Trog was pleased with you.
You were hungry.

You visited 1 branch of the dungeon, and saw 4 of its levels.

You collected 120 gold pieces.

Inventory:

Hand Weapons
 a - a +0 dagger of venom (weapon)
 b - a +0 hunting sling
Missiles
 k - 21 sling bullets
 q - 36 stones (quivered)
 r - 4 curare-tipped darts
Armour
 p - a +0 animal skin (worn)
Scrolls
 e - 2 scrolls of enchant armour {unknown}
 g - a scroll of fear {unknown}
 h - 3 scrolls of enchant weapon {unknown}
 m - 2 scrolls of remove curse {unknown}
 n - 3 scrolls of identify {unknown}
 o - a scroll of blinking {unknown}
Potions
 d - a potion of mutation {unknown}
 f - a potion of might {unknown}
 i - a potion of curing {unknown}
 j - a potion of heal wounds {unknown}
 l - a potion of brilliance {unknown}
Comestibles
 c - 7 rations


   Skills:
 + Level 2.8 Fighting
 * Level 4.3 Short Blades
 + Level 5.1 Dodging
 + Level 2.3 Stealth


You had 3 spell levels left.
You didn't know any spells.
Your spell library was empty.

Dungeon Overview and Level Annotations

Branches:
Dungeon (3/15)

Altars:
Ashenzari
Kikubaaqudgha


Innate Abilities, Weirdness & Mutations

You are very small and have problems with some larger weapons.
You are too small for most types of armour.
You have supernaturally acute eyesight. (SInv)
You are a herbivore.
You cover ground extremely quickly.
You need to consume almost no food.


Message History

Press: ? - help, Shift-Dir - straight line, f/p - ice beast
Aim: an ice beast You shoot a stone.
The stone hits the ice beast.
The ice beast is lightly wounded.
The ice beast hits you. The ice beast freezes you!
Ouch! That really hurt!
* * * LOW HITPOINT WARNING * * *
Your +0 dagger of venom begins to drip with poison!
a - a +0 dagger of venom (weapon)
A red film seems to cover your vision as you go berserk!
You feel yourself moving faster!
You feel mighty!
You are feeling hungry.
You hit the ice beast.
The ice beast is moderately wounded.
You hit the ice beast.
The ice beast is heavily wounded.
The ice beast hits you.
* * * LOW HITPOINT WARNING * * *
The ice beast freezes you!
You die...

.##############
..........>...#
.###.......####
..............#
.###.......#####
...............#
.###.......#####
#......@###########
.........Y.....((.(#
###.......#########.#
####...## #####


You could see an ice beast.

Vanquished Creatures
  An adder (D:2)
  4 worms
  4 dart slugs
  A leopard gecko (D:1)
  2 ball pythons
  9 bats
  3 giant cockroaches
  3 goblins
  3 hobgoblins
  4 jackals
  9 kobolds
  A quokka (D:3)
  A frilled lizard (D:2)
  3 rats
48 creatures vanquished.

Notes
Turn   | Place    | Note
-------+----------+-------------------------------------------
     0 | D:1      | Lanoc the Spriggan Berserker began the quest for the Orb.
     0 | D:1      | Reached XP level 1. HP: 11/11 MP: 2/2
   171 | D:1      | Reached XP level 2. HP: 15/16 MP: 3/3
   220 | D:1      | Reached skill level 1 in Stealth
   486 | D:1      | Reached ** piety under Trog
   829 | D:2      | Reached XP level 3. HP: 18/19 MP: 4/4
  1562 | D:2      | Reached skill level 5 in Dodging
  1826 | D:2      | Reached XP level 4. HP: 23/23 MP: 5/5
  2167 | D:3      | Found an ancient bone altar of Kikubaaqudgha.
  2208 | D:3      | Found a shattered altar of Ashenzari.
  2241 | D:3      | You fall into a shaft and drop 1 floor!
  2255 | D:4      | Noticed an ice beast
  2273 | D:4      | Slain by an ice beast

Levels and vault maps discovered:
D:1:      evilmike_arrival_fibonacci_small, layout_loops_ring
D:2:      layout_loops_corners
D:3:      layout_basic, nicolae_overflow_crystal_walls,
          ashenzari_conservatory_becter, nrook_uturn
D:4:      layout_basic, zin_academy, first_ration, grunt_qazlal_sundering

Skill      XL: |  1  2  3 |
---------------+----------+-----
Stealth        | 1 2 |  2.3
Short Blades   | 4 |  4.3
Dodging        | 5 |  5.1
Fighting       | |  2.8

Action                   |  1- 3 |  4- 6 || total
-------------------------+-------+-------++-------
Melee: Short sword       |   156 |       ||   156
       Dagger            |     8 |    32 ||    40
 Fire: Hunting sling     |    13 |     3 ||    16
Invok: Berserk           |     1 |     1 ||     2
 Stab: Sleeping          |     2 |       ||     2
Armor: Animal skin       |    14 |       ||    14
Dodge: Dodged            |   169 |    22 ||   191

Table legend:
 A = Non-vault XP
 B = Vault XP
 C = Vault XP percentage of total XP
 D = Non-vault monster count
 E = Vault monster count
 F = Vault count percentage of total count
                 A         B        C        D         E       F
            +---------+---------+-------+---------+---------+-------
      Total |     114 |       0 |   0.0 |      48 |       0 |   0.0
            +---------+---------+-------+---------+---------+-------
        D:1 |      32 |       0 |   0.0 |      17 |       0 |   0.0
        D:2 |      65 |       0 |   0.0 |      23 |       0 |   0.0
        D:3 |      17 |       0 |   0.0 |       8 |       0 |   0.0
            +---------+---------+-------+---------+---------+-------
